 Dungeon Crawl Stone Soup version 0.31-a0-277-g31ea1f65cc (webtiles) character file.

Game seed: 7272661909907590118

19609 peeeev the Fighter (level 12, -5/111 (115) HPs)
             Began as a Minotaur Berserker on July 16, 2023.
             Was a High Priest of Trog.
             Succumbed to a death drake's dark miasma
             ... in a Gauntlet.
             The game lasted 00:39:53 (13389 turns).

peeeev the Fighter (Minotaur Berserker)            Turns: 13389, Time: 00:39:54

HP:   -5/111 (115)  AC: 19    Str: 26    XL:     12   Next: 38%
MP:   11/11         EV:  7    Int:  6    God:    Trog [*****.]
Gold: 1140          SH: 16    Dex: 11    Spells: 11/11 levels left

rFire   + . .        b - +10 hand axe "Bibegg" {flame, Int+2 SInv}
rCold   . . .        a - +0 kite shield
rNeg    . . .        D - +2 plate armour {rF+}
rPois   .            (helmet restricted)
rElec   .            (no cloak)
rCorr   .            (no gloves)
SInv    +            l - +0 pair of boots
Will    ++...        w - amulet of reflection Stlth
                     (no ring)
HPRegen 1.38/turn    (no ring)
MPRegen 0.12/turn

%: no teleportation, reflection
@: lethally poisoned (-5 -> -20), strong-willed, attractive, regenerating,
slowed, lightly drained, very slow
A: horns 2, retaliatory headbutt
a: Renounce Religion, Berserk, Trog's Hand, Brothers in Arms


You were in a Gauntlet.
You worshipped Trog.
Trog was extremely pleased with you.
You visited 2 branches of the dungeon, and saw 13 of its levels.
You also visited: Sewer and Gauntlet.

You collected 1140 gold pieces.

Inventory:

Hand Weapons
 b - the +10 hand axe "Bibegg" (weapon) {flame, Int+2 SInv}
   (You took it off an orc on level 4 of the Dungeon)

   Int:       It affects your intelligence (+2).
   SInv:      It lets you see invisible.
 c - a +3 war axe of flaming
Armour
 a - a +0 kite shield (worn)
 e - a +1 scale mail of cold resistance
 l - a +0 pair of boots (worn)
 v - a +0 chain mail of poison resistance
 D - a +2 plate armour of fire resistance (worn)
Jewellery
 w - an amulet of reflection (around neck)
 y - an amulet of magic regeneration
 z - an amulet of guardian spirit
Wands
 r - a wand of iceblast (22)
 u - a wand of polymorph (9)
 x - a wand of flame (15)
 B - a wand of mindburst (6)
Scrolls
 j - a scroll of blinking
 m - 6 scrolls of teleportation
 n - 3 scrolls of poison
 C - a scroll of enchant armour {unknown}
 F - a scroll of enchant weapon
Potions
 d - a potion of haste
 f - 3 potions of curing
 g - a potion of berserk rage
 h - 2 potions of cancellation
 i - a potion of resistance
 k - 3 potions of degeneration
 o - 2 potions of magic
 p - 3 potions of ambrosia
 q - 3 potions of brilliance
 s - a potion of heal wounds {unknown}
 t - 2 potions of might {unknown}
 A - a potion of invisibility {unknown}
 E - 2 potions of attraction
Miscellaneous
 G - a sack of spiders


   Skills:
 + Level 13.6 Fighting
 + Level 13.5 Axes
 + Level 13.2 Armour
 - Level 2.1 Dodging
 - Level 10.0 Shields


You had 11 spell levels left.
You didn't know any spells.
Your spell library was empty.

Dungeon Overview and Level Annotations

Branches:
Dungeon (11/15)            Temple (0/1) D:4            Lair (0/5) D:8
    Orc (2/2) D:11          Sewer (visited)         Gauntlet (1/1)
    Elf: Orc:2

Altars:
Elyvilon
Uskayaw
Wu Jian

Shops:
D:11 :   Orc:2 !

Annotations:
D:4 1 runed translucent door, Crazy Yiuf
D:10 1 runed translucent door, dolemite99's ghost, novice TrSh Gauntlet 17 runed translucent doors, 13 transporters, exclusion: orange crystal statue


Innate Abilities, Weirdness & Mutations

You have a pair of horns on your head.
You reflexively headbutt those who attack you in melee.


Message History

You block the death drake's attack. The spectral wolf spider hits you!
* * * LOW HITPOINT WARNING * * *
You feel drained.
* * * LOW HITPOINT WARNING * * *
The spectral wolf spider bites you.
* * * LOW HITPOINT WARNING * * *
You feel better.
The death drake bites you but does no damage.
You block the spectral wolf spider's attack.
The spectral wolf spider bites you but does no damage.
You block the death drake's attack. The spectral wolf spider hits you!
* * * LOW HITPOINT WARNING * * *
You block the spectral wolf spider's attack.
You hit the death drake. You burn the death drake.
You headbutt the death drake!
The death drake is heavily wounded.
You hit the spectral wolf spider. You burn the spectral wolf spider.
The death drake breathes miasma at you. The foul vapour misses you.
You block the spectral wolf spider's attack.
The spectral wolf spider bites you but does no damage.
The death drake barely misses you. The spectral wolf spider hits you!
* * * LOW HITPOINT WARNING * * *
The spectral wolf spider closely misses you.
You feel better.
You are engulfed in dark miasma.
You are poisoned.
* * * LOW HITPOINT WARNING * * *
x2 You feel very sick.
The spectral wolf spider hits you but does no damage.
You block the spectral wolf spider's attack.
The death drake bites you but does no damage.
You block the spectral wolf spider's attack.
The spectral wolf spider bites you but does no damage.
The death drake breathes miasma at you.
The foul vapour engulfs you but does no damage.
It was a potion of attraction.
You feel attractive to monsters.
You are engulfed in dark miasma.
You are more poisoned.
You die...

.#©...........©#......#8#
####################..###
#.©[!.##≈#[.#.©/.."#..#
$#8P#..#§#...#.....#..###
.####.##§#...#....##..#8#
.###...#§#....#.##.#..###
P#######8#...###..°#..#
..#...##≈#.##.#Z°°°#..###
##.P#.##≈##.○°○#@°°#..#8#
#.#..#P#≈#..ZZZ#k°.#..###
.##.#..#≈#..○○○.#..#..#
####################..###
.#©...........©#......#8#
.#######.#######.....≈###
.......#.#........#####
########.#........#8#
+..+...#.#..#########


You could see a death drake (catching breath) and a spectral wolf spider.

Vanquished Creatures
  A boulder beetle (D:11)
  A two-headed ogre (D:11)
  Amaemon (D:8)
  A sixfirhy (Gauntlet)
  An orc knight (Orc:2)
  A cyclops (D:11)
  2 centaur zombies (D:10)
  Psyche (D:8)
  Maggie (D:7)
  An unseen horror zombie (D:10)
  A komodo dragon (D:11)
  A troll (Orc:1)
  Grinder (D:3)
  Sigmund (D:3)
  A vampire (D:10)
  5 shadows (D:10)
  3 wraiths
  A wyvern (D:8)
  22 yaks
  5 steam dragons
  Edmund (D:6)
  4 vampire mosquitoes (D:11)
  2 wargs
  2 water moccasins
  3 sky beasts
  4 black bears
  16 orc warriors
  7 ogres
  20 centaurs
  4 phantoms
  3 bullfrogs (D:7)
  2 kobold brigands
  3 gnoll sergeants
  5 wights (D:8)
  5 killer bees (D:7)
  A howler monkey (D:10)
  A jelly (D:4)
  A hound (D:5)
  9 orc priests
  5 iguanas
  2 sleepcaps
  A gnoll bouda (D:5)
  11 orc wizards
  3 howler monkey zombies (D:10)
  22 gnolls
  10 adders
  3 shadow imps
  A white imp (D:8)
  2 ufetubi (Gauntlet)
  A worm (D:3)
  A dart slug (D:2)
  42 orcs
  9 ball pythons
  6 endoplasms
  5 giant cockroaches
  5 goblins
  6 hobgoblins
  A quokka (D:2)
  10 bats
  3 frilled lizards
  22 kobolds
  10 rats
326 creatures vanquished.

Vanquished Creatures (collateral kills)
  A two-headed ogre (D:10)
  A troll (Orc:2)
  2 orc warriors (Orc:2)
  A kobold brigand (D:10)
  An orc priest (Orc:2)
  2 orcs (Orc:2)
8 creatures vanquished.

Grand Total: 334 creatures vanquished

Notes
Turn   | Place    | Note
-------+----------+-------------------------------------------
     0 | D:1      | peeeev the Minotaur Berserker began the quest for the Orb.
     0 | D:1      | Reached XP level 1. HP: 19/19 MP: 0/0
   308 | D:1      | Reached XP level 2. HP: 27/27 MP: 1/1
   427 | D:1      | Found a faded altar of an unknown god.
  1017 | D:2      | Reached XP level 3. HP: 33/33 MP: 2/2
  1066 | D:2      | Reached ** piety under Trog
  1704 | D:3      | Noticed Sigmund
  1812 | D:3      | Reached XP level 4. HP: 40/41 MP: 3/3
  2073 | D:3      | Killed Sigmund
  2074 | D:3      | Reached skill level 5 in Fighting
  2074 | D:3      | Reached skill level 5 in Axes
  2074 | D:3      | Reached XP level 5. HP: 48/48 MP: 4/4
  2224 | D:3      | Reached XP level 6. HP: 56/56 MP: 5/5
  2269 | D:3      | Noticed Grinder
  2287 | D:3      | Killed Grinder
  2288 | D:3      | Reached skill level 5 in Armour
  2819 | D:4      | Reached XP level 7. HP: 61/64 MP: 6/6
  3054 | D:4      | HP: 3/64 [gnoll/+0 club (2)]
  3349 | D:4      | Found a staircase to the Ecumenical Temple.
  3355 | D:4      | Identified the +10 hand axe "Bibegg" {flame, Int+2 SInv}
  3595 | D:4      | Found a hide-covered altar of Uskayaw.
  3687 | D:4      | Found a runed translucent door.
  3688 | D:4      | Noticed Crazy Yiuf
  3741 | D:4      | Reached *** piety under Trog
  3975 | D:5      | Entered Level 5 of the Dungeon
  3975 | D:5      | Found a glowing drain.
  4104 | D:5      | Reached XP level 8. HP: 43/73 MP: 7/7
  4113 | Sewer    | Entered a sewer
  4673 | D:5      | Found a white marble altar of Elyvilon.
  5451 | D:6      | Reached skill level 1 in Shields
  5562 | D:6      | Noticed Edmund
  5570 | D:6      | Killed Edmund
  5901 | D:7      | Reached XP level 9. HP: 63/82 MP: 8/8
  5965 | D:7      | Reached **** piety under Trog
  6376 | D:7      | Noticed Maggie
  6384 | D:7      | Killed Maggie
  6848 | D:7      | Reached skill level 5 in Shields
  7163 | D:7      | Identified the +5 whip of Disintegration {protect, rF- rN+
                  | Str+3 Dex+3}
  7349 | D:7      | Reached skill level 10 in Fighting
  7696 | D:8      | Reached skill level 10 in Axes
  7709 | D:8      | Found a staircase to the Lair.
  7714 | D:8      | Reached XP level 10. HP: 93/93 MP: 9/9
  7836 | D:8      | Noticed Psyche
  7883 | D:8      | Killed Psyche
  7959 | D:8      | Noticed Amaemon
  7959 | D:8      | Noticed an orange demon
  8026 | D:8      | Killed Amaemon
  8027 | D:8      | Reached skill level 10 in Armour
  8780 | D:9      | Reached ***** piety under Trog
  9527 | D:9      | Reached XP level 11. HP: 92/102 MP: 10/10
  9642 | D:10     | Entered Level 10 of the Dungeon
  9718 | D:10     | Noticed a two-headed ogre
  9752 | D:10     | Killed a two-headed ogre
 10167 | D:10     | Found a runed translucent door.
 10169 | D:10     | Noticed dolemite99's ghost (novice TrSh)
 10171 | D:10     | Noticed a five-headed hydra
 10259 | D:10     | Found an ornate altar of the Wu Jian Council.
 10915 | D:11     | Noticed a boulder beetle
 10940 | D:11     | Killed a boulder beetle
 11029 | D:11     | Found Geuronn's Book Boutique.
 11078 | D:11     | Noticed a two-headed ogre
 11083 | D:11     | Killed a two-headed ogre
 11544 | D:11     | Found a staircase to the Orcish Mines.
 11568 | D:11     | Reached XP level 12. HP: 109/113 MP: 11/11
 11576 | D:11     | Reached skill level 10 in Shields
 11915 | Orc:1    | Entered Level 1 of the Orcish Mines
 12327 | Orc:2    | Entered Level 2 of the Orcish Mines
 12678 | Orc:2    | Found Puen's Distillery.
 12844 | Orc:2    | Found a gate leading to a gauntlet.
 12857 | Gauntlet | Entered a Gauntlet
 12857 | Gauntlet | Found a large runed translucent door.
 12857 | Gauntlet | Found a large runed translucent door.
 12857 | Gauntlet | Found a large runed translucent door.
 12857 | Gauntlet | Found a large runed translucent door.
 12857 | Gauntlet | Found a large runed translucent door.
 12857 | Gauntlet | Found a large runed translucent door.
 12857 | Gauntlet | Found a runed translucent door.
 12857 | Gauntlet | Found a transporter.
 12857 | Gauntlet | Found a transporter.
 12857 | Gauntlet | Found a runed translucent door.
 12857 | Gauntlet | Found a large runed translucent door.
 12857 | Gauntlet | Found a large runed translucent door.
 12857 | Gauntlet | Found a large runed translucent door.
 12857 | Gauntlet | Found a large runed translucent door.
 12857 | Gauntlet | Found a large runed translucent door.
 12857 | Gauntlet | Found a large runed translucent door.
 12868 | Gauntlet | Found a transporter.
 12880 | Gauntlet | Found a transporter.
 12902 | Gauntlet | Found a transporter.
 12913 | Gauntlet | Found a transporter.
 12916 | Gauntlet | Noticed a catoblepas
 13008 | Gauntlet | Found a transporter.
 13008 | Gauntlet | Found a transporter.
 13018 | Gauntlet | Found a transporter.
 13025 | Gauntlet | Noticed a death scarab
 13028 | Gauntlet | Found a transporter.
 13028 | Gauntlet | Found a transporter.
 13029 | Gauntlet | Noticed a death scarab
 13033 | Gauntlet | Found a transporter.
 13069 | Gauntlet | Found a large runed translucent door.
 13070 | Gauntlet | Found a large runed translucent door.
 13072 | Gauntlet | Found a runed translucent gate.
 13073 | Gauntlet | Found a runed translucent gate.
 13074 | Gauntlet | Found a transporter.
 13074 | Gauntlet | Found a runed translucent gate.
 13149 | Gauntlet | Found a large runed translucent door.
 13149 | Gauntlet | Found a large runed translucent door.
 13176 | Gauntlet | Found a transporter.
 13191 | Gauntlet | Found a transporter.
 13205 | Gauntlet | Found a transporter.
 13388 | Gauntlet | HP: 2/111 [poisoned by a death drake (dark miasma)]
 13389 | Gauntlet | Succumbed to a death drake's dark miasma

Illustrated notes

Levels and vault maps discovered:
D:1:      lightli_arrival_farm, layout_basic, chequers_ecumenical_altar_island,
          kennysheep_flooded_box
D:2:      layout_rooms, serial_bayou, serial_bayou_pond_d, serial_bayou_pond_c,
          serial_bayou_shore_b, serial_bayou_shore_a
D:3:      layout_basic, nicolae_half_adder, uniq_grinder, uniq_sigmund
D:4:      layout_cave_pools, mainiacjoe_overflow_tiny_flanked, temple_pool_b,
          uniq_crazy_yiuf_cottage
D:5:      layout_cave_pools, nicolae_elyvilon_peaceful_grove,
          portal_sewer_entry_b
D:6:      layout_basic, moated_statue, grunt_decor_resistance, uniq_edmund
D:7:      layout_basic, uniq_maggie
D:8:      layout_gridville, david_lair_generic, uniq_psyche, uniq_amaemon
D:9:      layout_basic, supply_closet_lemuel, nicolae_elevator_lobby_plus
D:10:     layout_irregular_city, nicolae_wu_jian_wuxing_cycle, serial_undead,
          serial_undead_a, serial_undead_c, serial_undead_c, serial_undead_c,
          ebering_ghost_inner_flame
D:11:     layout_loops_cross, orc_0_dummy, serial_shops, shop_coins
Orc:1:    minmay_goldmine, layout_diamond_mine, minmay_orc_temple_b
Orc:2:    pf_orc_diabolical, layout_diamond_mine, gauntlet_entry_generic
Gauntlet: gammafunk_gauntlet_branching
          [minmay_gauntlet_arena_make_your_own_arena,
          nicolae_gauntlet_arena_grate_2, nicolae_gauntlet_swirl,
          gammafunk_gauntlet_arena_mazey, nicolae_gauntlet_arena_quarters,
          gammafunk_gauntlet_arena_teeth, gammafunk_gauntlet_arena_hedges,
          gammafunk_gauntlet_arena_split_x,
          nicolae_gauntlet_exit_dead_adventurers]

Skill      XL: |  1  2  3  4  5  6  7  8  9 10 11 12 |
---------------+-------------------------------------+-----
Fighting       | 4 5 6 7 8 10 11 12 13 | 13.6
Axes           | 4 5 6 7 8 10 11 12 13 | 13.5
Armour         | 3 4 5 6 8 9 11 12 13 | 13.2
Shields        | 2 5 7 9 10 | 10.0
Dodging        | |  2.1

Action                     |  1- 3 |  4- 6 |  7- 9 | 10-12 || total
---------------------------+-------+-------+-------+-------++-------
  Melee: Hand axe          |    59 |       |   175 |   425 ||   659
         Headbutt          |    15 |     7 |    34 |    99 ||   155
         Dagger            |    63 |    48 |    55 |       ||   166
         Punch             |       |       |     1 |       ||     1
         Unarmed           |       |       |       |     4 ||     4
 Invoke: Berserk           |       |     2 |       |     4 ||     6
         Brothers in Arms  |       |       |       |     3 ||     3
         Trog's Hand       |       |       |       |     3 ||     3
    Use: Scroll            |       |       |    14 |     5 ||    19
         Potion            |       |       |     1 |     3 ||     4
   Stab: Sleeping          |     1 |       |       |       ||     1
 Armour: Animal skin       |    28 |    11 |     6 |       ||    45
         Chain mail        |       |       |    49 |       ||    49
         Scale mail        |       |       |     4 |       ||     4
         Plate armour      |       |       |    39 |   176 ||   215
         Skin              |       |       |       |     4 ||     4
  Dodge: Dodged            |    83 |    46 |    88 |    88 ||   305
  Block: Kite shield       |       |       |    50 |   314 ||   364
         Reflection        |       |       |     3 |    31 ||    34

Table legend: (Time is in decaauts)
 A = Elapsed time spent in this place.
 B = Non-inter-level travel time spent in this place.
 C = Inter-level travel time spent in this place.
 D = Time resting spent in this place.
 E = Time spent auto-exploring this place.
 F = Levels seen in this place.
 G = Mean time per level.
                   A        B        C        D        E       F      G
               +--------+--------+--------+--------+--------+-----+--------+
         Total |  13405 |  12776 |    629 |   3246 |   3969 |  15 |  893.7 |
       Dungeon |  11805 |  11247 |    558 |   2989 |   3778 |  11 | 1073.2 |
  Orcish Mines |    918 |    847 |     71 |    140 |    191 |   2 |  459.0 |
         Sewer |    151 |    151 |      0 |     85 |      0 |   1 |  151.0 |
      Gauntlet |    530 |    530 |      0 |     32 |      0 |   1 |  530.0 |
               +--------+--------+--------+--------+--------+-----+--------+

Top non-repeatable levels by time:
     D:7: 1643 daAuts
     D:9: 1267 daAuts
     D:3: 1191 daAuts
    D:11: 1159 daAuts
     D:4: 1150 daAuts
    D:10: 1102 daAuts
     D:1: 1034 daAuts
     D:6: 868 daAuts
     D:8: 838 daAuts
     D:5: 784 daAuts
     D:2: 765 daAuts
Gauntlet: 530 daAuts
   Orc:2: 518 daAuts
   Orc:1: 399 daAuts
   Sewer: 151 daAuts
